 Dungeon Crawl Stone Soup version 0.27.1-4-g1640c2035a (webtiles) character file.

Game seed: 367579117519087110

91 iamoutofideas the Firebug (level 4, -8/24 HPs)
             Began as a Deep Elf Fire Elementalist on Nov 3, 2021.
             Mangled by a steam dragon (10 damage)
             ... on level 3 of the Dungeon.
             The game lasted 00:04:28 (3516 turns).

iamoutofideas the Firebug (DEFE)                    Turns: 3516, Time: 00:04:28

Health: -8/24      AC:  3    Str:  5    XL:     4   Next: 34%
Magic:  11/12      EV: 12    Int: 21    God:
Gold:   65         SH:  0    Dex: 15    Spells: 3/11 levels left

rFire    . . .     SeeInvis .   (no weapon)
rCold    + . .     Faith    .   (no shield)
rNeg     . . .     Spirit   .   a - +0 robe
rPois    .         Reflect  .   (no helmet)
rElec    .         Harm     .   (no cloak)
rCorr    .         Rampage  .   l - +0 pair of gloves
Will     .....                  (no boots)
Stlth    ++........             (no amulet)
HPRegen  0.08/turn              d - ring of wizardry
MPRegen  0.13/turn              h - ring of protection from cold

@: no status effects
A: no striking features
a: no special abilities


You were on level 3 of the Dungeon.
You visited 1 branch of the dungeon, and saw 3 of its levels.

You collected 65 gold pieces.

Inventory:

Hand Weapons
 o - a +2 war axe of distortion
Missiles
 n - an atropa-tipped dart
Armour
 a - a +0 robe (worn)
 j - a +0 buckler
 l - a +0 pair of gloves (worn)
Jewellery
 d - a ring of wizardry (left hand)
 h - a ring of protection from cold (right hand)
 m - a +6 ring of dexterity
Scrolls
 c - 3 scrolls of identify {unknown}
 e - 3 scrolls of enchant weapon {unknown}
 g - 2 scrolls of immolation {unknown}
 i - a scroll of fear {unknown}
Potions
 b - a potion of lignification {unknown}
 f - a potion of degeneration {unknown}
 k - 2 potions of brilliance {unknown}
 p - a potion of mutation {unknown}


   Skills:
 + Level 2.6 Dodging
 + Level 2.5 Stealth
 + Level 4.2 Spellcasting
 + Level 2.5 Conjurations
 + Level 4.3 Fire Magic


You had 3 spell levels left.
You knew the following spells:

 Your Spells              Type           Power      Damage    Failure   Level
a - Foxfire               Conj/Fire      72%        2x1d7     1%          1
b - Conjure Flame         Conj/Fire      18%        6-21      3%          3
c - Sticky Flame          Conj/Fire      18%        2d4       12%         4

Your spell library contained the following spells:

 Spells                   Type           Power      Damage    Failure   Level
 Inner Flame              Hex/Fire       13%        N/A       6%          3
 Fireball                 Conj/Fire      9%         3d6       32%         5


Dungeon Overview and Level Annotations

Branches:
Dungeon (3/15)

Altars:

Annotations:
D:2 exclusion: downstairs


Message History

The atropa-tipped dart barely misses the steam dragon.
The foxfire hits the steam dragon.
The steam dragon is lightly wounded.
Throw: 3 darts (atropa)
Press: ? - help, Shift-Dir - straight line, f/p - steam dragon
Aim: a steam dragon (lightly wounded, ally target, 57% to hit, chance to blind on hit: 61%)
You throw an atropa-tipped dart.
The atropa-tipped dart barely misses the steam dragon.
The foxfire hits the steam dragon.
The steam dragon is moderately wounded.
The steam dragon breathes steam at you. The ball of steam misses you.
Throw: 2 darts (atropa)
Press: ? - help, Shift-Dir - straight line, f/p - steam dragon
Aim: a steam dragon (moderately wounded, 57% to hit, chance to blind on hit: 67%)
You throw an atropa-tipped dart.
The atropa-tipped dart hits the steam dragon.
The steam dragon appears confused.
The steam dragon is moderately wounded.
You are engulfed in a cloud of scalding steam.
Found a metallic amethyst potion.
The steam dragon seems less confused.
The steam dragon closely misses you. The steam dragon barely misses you.
You see here an atropa-tipped dart.
Casting: Foxfire (safe; 1% risk of failure)
Confirm with . or Enter, or press ? or * to list all spells.
You conjure some foxfire!
The steam dragon bites you. The steam dragon claws you.
The foxfire hits the steam dragon but does no damage.
The steam dragon is moderately wounded.
The foxfire hits the steam dragon.
The steam dragon is moderately wounded.
The steam dragon breathes steam at you. The ball of steam hits you!
Ouch! That really hurt!
* * * LOW HITPOINT WARNING * * *
You hear a shout! x3
You see here 2 atropa-tipped darts.
You hear a shout! x2
The steam dragon is no longer blind.
The steam dragon bites you!
You die...

#........... #..#.###...
#........## #....#.....
## #.........
.###.........
#####.......#.####
#((?#.####.†....#
#@D.#...###.....##
#§(.#.........(...
#§###.##..###.#....
#§#§..#.#.÷.##.#....
#.##...##.##..#.#....
#.#.......#.#....#....
#.##..#....##.##.......
#!#...........#.#.÷#....
## .......#...###÷.#....


You could see a steam dragon.

Vanquished Creatures
  An adder (D:2)
  2 worms
  3 dart slugs
  4 orcs (D:3)
  12 endoplasms
  A giant cockroach (D:1)
  2 hobgoblins
  3 jackals (D:1)
  2 quokkas (D:2)
  3 ball pythons
  8 bats
  4 frilled lizards
  5 goblins
  4 kobolds
  11 rats
65 creatures vanquished.

Vanquished Creatures (collateral kills)
  3 foxfires
3 creatures vanquished.

Vanquished Creatures (others)
  220 foxfires
  11 plants (D:2)
231 creatures vanquished.

Grand Total: 299 creatures vanquished

Notes
Turn   | Place    | Note
-------+----------+-------------------------------------------
     0 | D:1      | iamoutofideas the Deep Elf Fire Elementalist began the
                  | quest for the Orb.
     0 | D:1      | Reached XP level 1. HP: 10/10 MP: 6/6
   453 | D:1      | Reached XP level 2. HP: 15/15 MP: 5/8
  1176 | D:1      | Reached XP level 3. HP: 19/19 MP: 6/10
  1730 | D:2      | Learned a level 3 spell: Conjure Flame
  2461 | D:2      | Reached XP level 4. HP: 12/24 MP: 6/12
  2607 | D:2      | Learned a level 4 spell: Sticky Flame
  3193 | D:3      | Noticed a steam dragon
  3516 | D:3      | Mangled by a steam dragon

Illustrated notes

Levels and vault maps discovered:
D:1:      dpeg_arrival_prison, layout_basic
D:2:      minmay_door_path, layout_rooms, serial_bayou, serial_bayou_lagoon_b,
          serial_bayou_crossing, serial_bayou_shore_a, serial_bayou_pond_a
D:3:      layout_basic, minmay_vboxes, uniq_robin

Skill      XL: |  1  2  3 |
---------------+----------+-----
Fire Magic     | 4 |  4.3
Spellcasting   | 4 |  4.2
Conjurations   | 2 |  2.5
Dodging        | |  2.6
Stealth        | |  2.5

Action                   |  1- 3 |  4- 6 || total
-------------------------+-------+-------++-------
Throw: Dart              |       |     3 ||     3
 Cast: Foxfire           |   115 |    36 ||   151
Armor: Robe              |     4 |     1 ||     5
Dodge: Dodged            |    12 |     5 ||    17
